 Dungeon Crawl Stone Soup version 0.30-a0-165-g1891117ce2 (webtiles) character file.

Game seed: 7925689138578937086

20 KennySheep the Slasher (level 2, 18/18 HPs)
             Began as a Tengu Gladiator on Sept 29, 2022.
             Was an Initiate of Yredelemnul.
             Got out of the dungeon alive.
             The game lasted 00:01:27 (800 turns).

KennySheep the Slasher (Tengu Gladiator)             Turns: 800, Time: 00:01:28

Health: 18/18      AC:  3    Str: 14    XL:     2   Next: 79%
Magic:  3/3        EV: 13    Int:  8    God:    Yredelemnul [......]
Gold:   71         SH:  0    Dex: 15    Spells: 1/1 levels left

rFire   . . .      SeeInvis .    a - +0 long sword
rCold   . . .      Faith    .    (no shield)
rNeg    . . .      Spirit   .    b - +0 leather armour
rPois   .          Reflect  .    c - +0 hat
rElec   .          Harm     .    (no cloak)
rCorr   .          Rampage  .    (no gloves)
Will    .....                    (boots unavailable)
Stlth   +.........               (no amulet)
HPRegen 0.06/turn                (no ring)
MPRegen 0.08/turn                (no ring)

@: no status effects
A: beak, talons 3
a: Renounce Religion, Recall Undead Harvest


You escaped.
You worshipped Yredelemnul.
Yredelemnul was noncommittal.
You visited 1 branch of the dungeon, and saw 1 of its levels.

You collected 71 gold pieces.

Inventory:

Hand Weapons
 a - a +0 long sword (weapon)
Missiles
 d - 3 throwing nets (quivered)
 e - a javelin
Armour
 b - a +0 leather armour (worn)
 c - a +0 hat (worn)
Scrolls
 f - a scroll of immolation {unknown}
 g - a scroll of brand weapon {unknown}
 h - a scroll of enchant armour {unknown}
 i - a scroll of blinking {unknown}
Potions
 j - 2 potions of haste {unknown}


   Skills:
 + Level 2.3 Fighting
 * Level 3.8 Long Blades
 - Level 2.0 Throwing
 + Level 3.5 Dodging


You had one spell level left.
You didn't know any spells.
Your spell library contained the following spells:

 Spells                   Type           Power      Damage    Failure   Level
 Ensorcelled Hibernation  Hex/Ice        0%         N/A       63%         2
 Passwall                 Tmut/Erth      0%         N/A       63%         2
 Swiftness                Air            0%         N/A       86%         3


Dungeon Overview and Level Annotations

Branches:
Dungeon (1/15)

Altars:
Yredelemnul


Innate Abilities, Weirdness & Mutations

You have a beak for a mouth.
You have claws for feet.


Message History

Found a stone staircase leading down.
j - 2 inky potions (gained 1)
You see here a +0 robe.
A rat comes into view.
A rat is nearby!
A rat is nearby!
The rat barely misses you.
You closely miss the rat. Your kick misses the rat.
The rat bites you but does no damage. The rat bites you.
You slash the rat!
You kill the rat!
No target in view!
You now have 71 gold pieces (gained 11).
Found a ring mail.
Found 5 stones.
You open the door.
There is an open door here.
A hobgoblin comes into view.
The hobgoblin shouts!
A hobgoblin is nearby!
You slash the hobgoblin!
You kill the hobgoblin!
No target in view!
You open the door.
Found a faded altar of an unknown god.
There is an open door here.
There is a faded altar of an unknown god here.
This altar belongs to (a) Ru, (b) Kikubaaqudgha or (c) Yredelemnul, but you can't tell which.
Press the corresponding letter to learn more about a god, or press enter to convert or escape to cancel.
Yredelemnul accepts your prayer! Yredelemnul welcomes you!
You can now reap souls.
You can now recall your undead harvest.
You swap places.
You swap places.
There is an open door here.
You see here a staff of death.
There is a stone staircase leading down here.
There is an open door here.
There is a staircase leading out of the dungeon here.
Are you sure you want to leave the Dungeon?
This will make you lose the game!
You have escaped!

#.##..###..#.#######
...........#.#
.#.#..##################
.#.#.##
#.............#####
...###
.......⌠..........###
..##
................⌠...##
##
..⌠.........⌠........##
................(...).#
.......@ZZ........⌠...#.
...........Z..........#.
..⌠.........⌠........##.
................⌠...##.#
.......⌠..........####.#
#.....).......##'## #.#
###############..# #.#
... .........Z.#####.#
#.# .####..#..........


You could see a friendly bat zombie, a friendly ball python zombie and a
friendly quokka zombie.

Vanquished Creatures
  A dart slug (D:1)
  2 endoplasms (D:1)
  A giant cockroach (D:1)
  2 goblins (D:1)
  2 hobgoblins (D:1)
  2 ball pythons (D:1)
  2 bats (D:1)
  2 frilled lizards (D:1)
  A kobold (D:1)
  2 rats (D:1)
17 creatures vanquished.

Notes
Turn   | Place    | Note
-------+----------+-------------------------------------------
     0 | D:1      | KennySheep the Tengu Gladiator began the quest for the Orb.
     0 | D:1      | Reached XP level 1. HP: 12/12 MP: 2/2
   331 | D:1      | Reached XP level 2. HP: 13/17 MP: 3/3
   677 | D:1      | Found a faded altar of an unknown god.
   680 | D:1      | Prayed at the altar of an unknown god.
   680 | D:1      | Became a worshipper of Yredelemnul the Dark
   800 | D:$      | Got out of the dungeon alive.

Illustrated notes

Levels and vault maps discovered:
D:1:      dpeg_arrival_water_temple_mockup, layout_loops_ring,
          shapermc_ecumenical_altar_mp_vishouse,
          nicolae_concentric_dashed_squares_wild

Action                   || total
-------------------------++-------
Melee: Long sword        ||    29
       Kick              ||     4
       Punch             ||     1
Armor: Leather armour    ||     5
Dodge: Dodged            ||    18

Table legend: (Time is in decaauts)
 A = Elapsed time spent in this place.
 B = Non-inter-level travel time spent in this place.
 C = Inter-level travel time spent in this place.
 D = Time resting spent in this place.
 E = Time spent auto-exploring this place.
 F = Levels seen in this place.
 G = Mean time per level.
                   A        B        C        D        E       F      G
               +--------+--------+--------+--------+--------+-----+--------+
         Total |    806 |    688 |    118 |      0 |    567 |   1 |  806.0 |
       Dungeon |    806 |    688 |    118 |      0 |    567 |   1 |  806.0 |
               +--------+--------+--------+--------+--------+-----+--------+

Top non-repeatable levels by time:
     D:1: 806 daAuts
